 Dungeon Crawl Stone Soup version 0.31.0-9-g3a7656b989 (webtiles) character file.

Game seed: 17068678612773558626

44 qw the Shooter (level 3, 0/29 HPs)
             Began as a Demigod Hunter on Feb 2, 2024.
             Slain by a kobold
             ... wielding a +0 dagger of venom
              (2 damage)
             ... on level 2 of the Dungeon.
             The game lasted 00:00:01 (560 turns).

qw the Shooter (Demigod Hunter)                      Turns: 560, Time: 00:00:02

Health: 0/29       AC:  3    Str: 12    XL:     3   Next: 23%
Magic:  5/5        EV: 12    Int: 11    God:
Gold:   32         SH:  0    Dex: 21    Spells: 2/2 levels left

rFire   . . .        a - +0 shortbow
rCold   . . .        (shield currently unavailable)
rNeg    . . .        c - +0 leather armour
rPois   +            (no helmet)
rElec   .            (no cloak)
rCorr   .            (no gloves)
SInv    .            (no boots)
Will    .....        j - amulet of the acrobat
Stlth   ++           i - ring of poison resistance
HPRegen 0.24/turn    (no ring)
MPRegen 0.09/turn

%: acrobat
@: no status effects
A: high MP 1, forlorn, divine attributes
a: no special abilities


You were on level 2 of the Dungeon.
You visited 1 branch of the dungeon, and saw 2 of its levels.

You collected 32 gold pieces.


Innate Abilities, Weirdness & Mutations

You have an increased reservoir of magic. (+10% MP)
You shall have no god before yourself.
Your divine heritage dramatically boosts your attributes as you level up.


   Skills:
 - Level 2.0 Fighting
 - Level 4.6 Ranged Weapons
 + Level 1.8 Dodging
 - Level 0.8 Stealth


You had 2 spell levels left.
You didn't know any spells.
Your spell library was empty.

Inventory:

Hand Weapons
 a - a +0 shortbow (weapon)
Armour
 c - a +0 leather armour (worn)
Jewellery
 i - a ring of poison resistance (left hand)
 j - an amulet of the acrobat (around neck)
Scrolls
 b - a scroll of butterflies
 f - a scroll of poison {unknown}
Potions
 g - a potion of curing {unknown}
 h - a potion of might {unknown}

Dungeon Overview and Level Annotations

Branches:
Dungeon (2/15)


Message History

You kill Jessica!
A bat comes into view.
The kobold hits you but does no damage. The endoplasm barely misses you.
You have reached level 3!
Your experience leads to a dramatic increase in your attributes!
Increase (S)trength, (I)ntelligence, or (D)exterity?
You feel agile. x4
You shoot an arrow. The arrow hits the endoplasm.
The endoplasm is heavily wounded.
The kobold barely misses you. The endoplasm hits you.
You shoot an arrow. The arrow hits the endoplasm.
You kill the endoplasm!
The bat barely misses you. The kobold closely misses you.
You shoot an arrow. The arrow hits the ribbon worm.
The ribbon worm is lightly wounded.
The bat closely misses you.
The kobold hits you with a +0 dagger of venom.
The ribbon worm expels a string of sticky webbing.
The stream of webbing hits you but does no damage.
You are caught in a web!
The kobold hits you but does no damage.
The web tears apart.
The ribbon worm bites you but does no damage.
The kobold hits you with a +0 dagger of venom.
You shoot an arrow. The arrow hits the ribbon worm.
The ribbon worm is moderately wounded.
The bat hits you but does no damage. The ribbon worm bites you!
The kobold hits you with a +0 dagger of venom.
You shoot an arrow. The arrow hits the ribbon worm.
The ribbon worm is moderately wounded.
The bat barely misses you. The kobold closely misses you.
The ribbon worm bites you!
You shoot an arrow. The arrow hits the ribbon worm.
The ribbon worm is heavily wounded.
The bat closely misses you. The kobold barely misses you.
The ribbon worm closely misses you.
You shoot an arrow. The arrow hits the ribbon worm.
The ribbon worm is severely wounded.
The bat hits you but does no damage.
The kobold hits you with a +0 dagger of venom.
You die...

#######
.....(K##
#.)@#
#...#.w..?..$
#.# b.#......
# #.###...#.
.. #.... ##.
..## #. .# #.
#


You could see a ribbon worm, a bat and a kobold.

Vanquished Creatures
  Jessica (D:2)
  2 ball pythons (D:1)
  2 bats (D:1)
  4 endoplasms
  A giant cockroach (D:1)
  2 goblins (D:1)
  2 hobgoblins (D:1)
  A frilled lizard (D:1)
  A kobold (D:1)
  A rat (D:1)
17 creatures vanquished.

Notes
Turn   | Place    | Note
-------+----------+-------------------------------------------
     0 | D:1      | qw the Demigod Hunter began the quest for the Orb.
     0 | D:1      | Reached XP level 1. HP: 17/17 MP: 3/3
     0 | D:1      | 0 ||| qw: Version: 0.3-a-155-g5e7d8dd
     0 | D:1      | 0 ||| qw: Game counter: 95
     0 | D:1      | 0 ||| qw: Melee chars always use a shield: true
     0 | D:1      | 0 ||| qw: God list: Okawaru
     0 | D:1      | 0 ||| qw: Allow faded altars: false
     0 | D:1      | 0 ||| qw: Do Orc after clearing Dungeon:15 true
     0 | D:1      | 0 ||| qw: Do second Lair branch before Depths: true
     0 | D:1      | 0 ||| qw: Lair rune preference: random
     0 | D:1      | 0 ||| qw: Goals: Normal
     0 | D:1      | 0 ||| PLANNING D:1-11
   307 | D:1      | Reached skill level 4 in Ranged Weapons
   390 | D:1      | Reached XP level 2. HP: 24/24 MP: 4/4
   439 | D:1      | You fall into a shaft and drop 1 floor!
   440 | D:2      | 440 ||| UPGRADING to amulet of the acrobat.
   445 | D:2      | 445 ||| UPGRADING to ring of poison resistance.
   446 | D:2      | 446 ||| READING scroll labelled UCRAENOBR NISUJI.
   547 | D:2      | 547 ||| READING scroll labelled QITHRA CESTUMYPLO.
   549 | D:2      | Noticed Jessica
   552 | D:2      | Killed Jessica
   553 | D:2      | Reached XP level 3. HP: 22/29 MP: 5/5
   558 | D:2      | HP: 1/29 [ribbon worm (7)]
   560 | D:2      | Slain by a kobold

Levels and vault maps discovered:
D:1:      dpeg_arrival_windows_large_door, layout_basic
D:2:      layout_loops_ring, chequers_serial_rivers_small_b, uniq_jessica

Skill      XL: |  1 |
---------------+----+-----
Ranged Weapons | 4 |  4.6
Fighting       | 2 |  2.0
Dodging        | |  1.8
Stealth        | |  0.8

Action                     || total
---------------------------++-------
   Fire: Shortbow          ||    50
    Use: Scroll            ||     2
 Armour: Leather armour    ||    28
  Dodge: Dodged            ||    23

Table legend:
 A = Non-vault XP
 B = Vault XP
 C = Vault XP percentage of total XP
 D = Non-vault monster count
 E = Vault monster count
 F = Vault count percentage of total count
                 A         B        C        D         E       F
            +---------+---------+-------+---------+---------+-------
      Total |      27 |      37 |  57.8 |      16 |       1 |   5.9
            +---------+---------+-------+---------+---------+-------
        D:1 |      25 |       0 |   0.0 |      15 |       0 |   0.0
        D:2 |       2 |      37 |  94.9 |       1 |       1 |  50.0
            +---------+---------+-------+---------+---------+-------
